 Dungeon Crawl Stone Soup version 0.29-a0-557-g43b9904bd1 (webtiles) character file.

Game seed: 16014648061655043247

260 Lancel07 the Chopper (level 6, -1/56 HPs)
             Began as a Hill Orc Monk on June 9, 2022.
             Was a Believer of Beogh.
             Slain by an ogre
             ... wielding a +0 giant spiked club
              (20 damage)
             ... on level 4 of the Dungeon.
             The game lasted 00:05:07 (4366 turns).

Lancel07 the Chopper (Hill Orc Monk)                Turns: 4366, Time: 00:05:08

Health: -1/56      AC: 10    Str: 22    XL:     6   Next: 17%
Magic:  6/6        EV:  9    Int: 10    God:    Beogh [**....]
Gold:   163        SH:  0    Dex: 13    Spells: 5/5 levels left

rFire   + . .      SeeInvis .   a - +0 hand axe
rCold   . . .      Faith    .   (no shield)
rNeg    . . .      Spirit   .   j - +0 chain mail
rPois   .          Reflect  .   (no helmet)
rElec   .          Harm     .   t - +0 cloak
rCorr   .          Rampage  .   (no gloves)
Will    .....                   (no boots)
Stlth   ..........              (no amulet)
HPRegen 0.18/turn               q - +6 ring of strength
MPRegen 0.10/turn               m - ring of protection from fire

@: no status effects
A: no striking features
a: Renounce Religion, Smiting


You were on level 4 of the Dungeon.
You worshipped Beogh.
Beogh was pleased with you.
You visited 1 branch of the dungeon, and saw 4 of its levels.

You collected 163 gold pieces.

Inventory:

Hand Weapons
 a - a +0 hand axe (weapon)
Armour
 j - a +0 chain mail (worn)
 t - a +0 cloak (worn)
Jewellery
 l - a ring of fire
 m - a ring of protection from fire (right hand)
 q - a +6 ring of strength (left hand)
 u - a ring of poison resistance
Scrolls
 d - 2 scrolls of fear {unknown}
 e - 2 scrolls of identify {unknown}
 f - a scroll of poison {unknown}
 k - a scroll of silence {unknown}
 n - a scroll of immolation {unknown}
 o - 2 scrolls of brand weapon {unknown}
 p - 2 scrolls of teleportation {unknown}
 v - 3 scrolls of noise {unknown}
 x - a scroll of amnesia {unknown}
Potions
 b - 2 potions of haste {unknown}
 c - a potion of ambrosia
 g - a potion of resistance {unknown}
 h - a potion of curing
 i - 3 potions of heal wounds {unknown}
 r - a potion of might {unknown}
 s - a potion of magic {unknown}
 w - a potion of lignification {unknown}
 z - 2 potions of attraction {unknown}


   Skills:
 + Level 5.0 Fighting
 + Level 6.5 Axes
 + Level 2.5 Armour
 + Level 3.1 Dodging
 - Level 1.5 Stealth


You had 5 spell levels left.
You didn't know any spells.
Your spell library contained the following spells:

 Spells                   Type           Power      Damage    Failure   Level
 Necrotize                Necr           0%         1d4       98%         1
 Conjure Flame            Conj/Fire      0%         6-21      100%        3
 Ignite Poison            Fire/Tmut/Pois 0%         N/A       100%        3
 Stone Arrow              Conj/Erth      0%         3d7       100%        3
 Vampiric Draining        Necr           0%         2d6       100%        3
 Animate Armour           Summ/Erth      0%         N/A       100%        4
 Sticky Flame             Conj/Fire      0%         2d3       100%        4
 Agony                    Necr           0%         N/A       100%        5
 Lehudib's Crystal Spear  Conj/Erth      0%         10d2      100%        8


Dungeon Overview and Level Annotations

Branches:
Dungeon (4/15)
 Temple: D:4-7

Altars:


Message History

An ogre comes into view. It is wielding a +0 giant spiked club.
You hit Menkaure.
Menkaure is heavily damaged.
Menkaure barely misses you.
You hit Menkaure.
Menkaure is severely damaged.
Menkaure hits you.
* * * LOW HITPOINT WARNING * * *
You barely miss Menkaure.
Menkaure is severely damaged.
Menkaure hits you.
* * * LOW HITPOINT WARNING * * *
You feel better. Menkaure hits you.
* * * LOW HITPOINT WARNING * * *
You barely miss Menkaure.
Menkaure is severely damaged.
You hit Menkaure.
Menkaure is severely damaged.
Menkaure hits you but does no damage.
You slash Menkaure!
You destroy Menkaure!
Beogh accepts your kill.
Your Fighting skill increases to level 5!
Your Axes skill increases to level 6!
Your Armour skill increases to level 2!
Your Dodging skill increases to level 3!
You have reached level 6!
The ufetubus attacks as you move away!
The ufetubus hits you but does no damage.
The ufetubus completely misses you.
The ufetubus hits you but does no damage.
The ufetubus barely misses you. The ufetubus attacks as you move away!
The ufetubus barely misses you.
The ufetubus hits you but does no damage.
You slash the ufetubus!
You kill the ufetubus!
Beogh accepts your kill.
You hit the ogre.
The ogre is lightly wounded.
The ogre hits you with a +0 giant spiked club!!
You die...

#######.#####.#
#........#
#.>####### #..#
#..# #..# #..#
##.#########..#
#....<@O..##..####
#..######........#
# ####..##.#
#.>..O...##.#
.....##.$.....####
.... ####........
... ....###. ..
...# #. . ..# #.


You could see an ogre.

Vanquished Creatures
  Menkaure (D:4)
  An orc priest (D:3)
  3 adders
  3 ufetubi
  2 worms
  2 dart slugs (D:1)
  3 orcs (D:3)
  3 bats
  5 endoplasms
  4 giant cockroaches
  3 goblins
  5 hobgoblins
  2 jackals (D:2)
  10 kobolds
  5 ball pythons
  5 frilled lizards
  3 rats
60 creatures vanquished.

Vanquished Creatures (others)
  A goblin (D:3)
1 creature vanquished.

Grand Total: 61 creatures vanquished

Notes
Turn   | Place    | Note
-------+----------+-------------------------------------------
     0 | D:1      | Lancel07 the Hill Orc Monk began the quest for the Orb.
     0 | D:1      | Reached XP level 1. HP: 19/19 MP: 1/1
   201 | D:1      | Reached XP level 2. HP: 4/27 MP: 2/2
   585 | D:1      | Found a faded altar of an unknown god.
  1355 | D:2      | Reached XP level 3. HP: 23/33 MP: 3/3
  2735 | D:2      | Reached skill level 5 in Axes
  3027 | D:3      | Reached skill level 1 in Armour
  3027 | D:3      | Reached XP level 4. HP: 35/41 MP: 4/4
  3438 | D:3      | Became a worshipper of Beogh the Brigand
  3438 | D:3      | Reached * piety under Beogh
  3438 | D:3      | Reached ** piety under Beogh
  3919 | D:4      | Reached XP level 5. HP: 47/47 MP: 5/5
  4340 | D:4      | Noticed Menkaure
  4350 | D:4      | Noticed an ogre
  4357 | D:4      | Killed Menkaure
  4358 | D:4      | Reached skill level 5 in Fighting
  4358 | D:4      | Reached skill level 6 in Axes
  4358 | D:4      | Reached XP level 6. HP: 18/56 MP: 6/6
  4366 | D:4      | Slain by an ogre

Illustrated notes

Levels and vault maps discovered:
D:1:      erik_arrival_cave_to_civilisation [erik_arrival_cave_to_hall],
          layout_basic, shapermc_ecumenical_altar_venn, minmay_tetromino_l2
D:2:      layout_basic
D:3:      layout_rooms
D:4:      layout_loops_ring, kennysheep_generic_room_13, uniq_sigmund,
          uniq_menkaure

Skill      XL: |  1  2  3  4  5 |
---------------+----------------+-----
Fighting       | 4 5 |  5.0
Axes           | 5 6 |  6.5
Armour         | 1 2 |  2.5
Dodging        | 3 |  3.1
Stealth        | |  1.5

Action                   |  1- 3 |  4- 6 || total
-------------------------+-------+-------++-------
Melee: Hand axe          |   130 |   119 ||   249
       Punch             |       |     1 ||     1
Invok: Convert to Beogh  |       |     1 ||     1
  Use: Potion            |     1 |     4 ||     5
 Stab: Sleeping          |     5 |       ||     5
       Distracted        |     1 |       ||     1
Armor: Robe              |    10 |       ||    10
       Leather armour    |    17 |       ||    17
       Chain mail        |       |    53 ||    53
Dodge: Dodged            |    87 |    52 ||   139

Table legend: (Time is in decaauts)
 A = Elapsed time spent in this place.
 B = Non-inter-level travel time spent in this place.
 C = Inter-level travel time spent in this place.
 D = Time resting spent in this place.
 E = Time spent auto-exploring this place.
 F = Levels seen in this place.
 G = Mean time per level.
                   A        B        C        D        E       F      G
               +--------+--------+--------+--------+--------+-----+--------+
         Total |   4376 |   4302 |     74 |      0 |   3559 |   4 | 1094.0 |
       Dungeon |   4376 |   4302 |     74 |      0 |   3559 |   4 | 1094.0 |
               +--------+--------+--------+--------+--------+-----+--------+

Top non-repeatable levels by time:
     D:2: 1788 daAuts
     D:1: 1238 daAuts
     D:3: 843 daAuts
     D:4: 506 daAuts
